 Dungeon Crawl Stone Soup version 0.22-a0-439-gac93bac (webtiles) character file.

600 Mgcat the Cleaver (level 7, 0/57 HPs)
             Began as a Hill Orc Berserker on May 29, 2018.
             Was a Believer of Trog.
             Slain by a centaur (3 damage)
             ... on level 5 of the Dungeon.
             The game lasted 00:03:32 (1466 turns).

Mgcat the Cleaver (Hill Orc Berserker)              Turns: 1466, Time: 00:03:33

Health: 0/57       AC:  2    Str: 22    XL:     7   Next: 41%
Magic:  7/7        EV: 12    Int:  7    God:    Trog [**....]
Gold:   54         SH:  0    Dex: 10    Spells: 6/6 levels left

rFire    . . .     SeeInvis .   a - +0 hand axe
rCold    . . .     Gourm    +   (no shield)
rNeg     . . .     Faith    .   b - +0 animal skin
rPois    .         Spirit   .   (no helmet)
rElec    .         Reflect  .   (no cloak)
rCorr    .         Harm     .   (no gloves)
MR       .....                  (no boots)
Stlth    +.........             m - amulet of the gourmand {Gourm, !d}
HPRegen  0.19/turn              (no ring)
MPRegen  0.10/turn              (no ring)

@: berserk cooldown, slowed, very slow
A: no striking features
a: Berserk, Trog's Hand, Renounce Religion


You were on level 5 of the Dungeon.
You worshipped Trog.
Trog was pleased with you.
You were very hungry.

You visited 1 branch of the dungeon, and saw 5 of its levels.

You collected 54 gold pieces.

Inventory:

Hand Weapons
 a - a +0 hand axe (weapon)
Missiles
 g - 2 throwing nets {=f, !d}
Armour
 b - a +0 animal skin (worn)
 l - a +0 helmet
   (You took it off Robin on level 4 of the Dungeon)
Jewellery
 m - an amulet of the gourmand (around neck) {Gourm, !d}
   (You found it on level 5 of the Dungeon)
Scrolls
 d - a scroll of remove curse {unknown}
 k - a scroll of identify {unknown}
Potions
 e - a potion of might {unknown}
 f - a potion of magic {unknown}
 h - 2 potions of flight {unknown}
 j - a potion of berserk rage {unknown}
Comestibles
 c - 5 rations
 i - 4 chunks of flesh {@w0}


   Skills:
 - Level 3.6 Fighting
 + Level 10.8 Axes
 - Level 2.1 Armour
 - Level 1.5 Dodging


You had 6 spell levels left.
You didn't know any spells.
Your spell library was empty.

Dungeon Overview and Level Annotations

Branches:
Dungeon (5/15)
 Temple: D:4-7

Altars:
Fedhas
Trog


Message History

The giant cockroach is almost dead.
The giant cockroach barely misses you.
You completely miss the giant cockroach.
The giant cockroach is severely wounded.
The giant cockroach barely misses you.
You barely miss the giant cockroach.
The giant cockroach is severely wounded.
The giant cockroach barely misses you.
You barely miss the giant cockroach.
The giant cockroach is severely wounded.
You hit the giant cockroach but do no damage.
The giant cockroach is severely wounded.
The giant cockroach bites you but does no damage.
A giant cockroach is nearby!
You barely miss the giant cockroach.
The giant cockroach is severely wounded.
The giant cockroach bites you but does no damage.
You hit the giant cockroach but do no damage.
The giant cockroach is severely wounded.
The giant cockroach bites you.
You closely miss the giant cockroach.
The giant cockroach is severely wounded.
The giant cockroach bites you.
You barely miss the giant cockroach.
The giant cockroach is severely wounded.
The giant cockroach misses you.
You hit the giant cockroach.
You kill the giant cockroach!
Trog accepts your kill.
No target in view!
No target in view!
You butcher the giant cockroach corpse.
i - 2 chunks of flesh {@w0} An orc comes into view.
It is wielding a club.
The orc shouts!
The orc barely misses you.
You hit the orc.
The orc is severely wounded.
The orc hits you but does no damage.
You slash the orc!
You kill the orc!
Trog accepts your kill.
No target in view!
No target in view!
Things that are here:
a club; an orc corpse You butcher the orc corpse.
i - 4 chunks of flesh {@w0} (gained 2)
You see here a club. x2
m - a glowing amethyst amulet Put on which piece of jewellery? (? for menu, Esc to quit)
That's the wrong kind of item! (Use * to select it.) Put on which piece of jewellery? (? for menu, Esc to quit)
You feel a craving for the dungeon's cuisine.
m - an amulet of the gourmand (around neck)
Things that are here:
a shortbow; 11 arrows
Found a stone staircase leading up.
A centaur comes into view.
The centaur shouts!
The centaur wields a shortbow.
The centaur shoots an arrow.
The arrow hits you!
You see here an arrow.
The centaur shoots an arrow.
The arrow hits you.
The centaur shoots an arrow.
The arrow hits you!
You see here 2 arrows.
You are too injured to fight recklessly!
The centaur shoots an arrow.
The arrow hits you!
* * * LOW HITPOINT WARNING * * *
Found a stone staircase leading down.
You see here an arrow.
The centaur shoots an arrow.
The arrow barely misses you.
A red film seems to cover your vision as you go berserk!
You feel yourself moving faster!
You feel mighty!
You are feeling very hungry.
The centaur shoots an arrow.
The arrow hits you.
* * * LOW HITPOINT WARNING * * *
The centaur shoots an arrow.
The arrow hits you!
* * * LOW HITPOINT WARNING * * *
You feel a strong urge to attack something.
The centaur shoots an arrow.
The arrow misses you.
You feel your anger nearly subside.
You are no longer berserk.
You are exhausted.
You feel yourself slow down.
The centaur unwields an uncursed shortbow.
The centaur hits you.
* * * LOW HITPOINT WARNING * * *
You hit the centaur.
The centaur is lightly wounded.
The centaur hits you.
* * * LOW HITPOINT WARNING * * *
The centaur closely misses you.
You hit the centaur.
The centaur is moderately wounded.
The centaur hits you.
* * * LOW HITPOINT WARNING * * *
The centaur misses you.
You barely miss the centaur.
The centaur is moderately wounded.
The centaur barely misses you. The centaur hits you.
You die...

#.# ..
#.# .
#(#
#####(##
#..((..#
#..(..$#
#....?.#
#......#
#@.....#
#c.....#
#......#
#...>..#
#......#
#......#
########


You could see a centaur.

Vanquished Creatures
  The ghost of Curus the Changer, an amateur MfTm of Okawaru (D:3)
  Edmund (D:4)
  A centaur (D:5)
  2 hounds (D:4)
  An orc priest (D:4)
  A jelly (D:5)
  3 orc wizards (D:4)
  A worker ant (D:4)
  Robin (D:4)
  2 adders
  5 orcs
  A ball python (D:1)
  2 giant cockroaches
  10 goblins
  2 hobgoblins (D:4)
  3 jackals (D:4)
  A frilled lizard (D:3)
  2 kobolds (D:3)
  A quokka skeleton (D:4)
41 creatures vanquished.

Vanquished Creatures (others)
  8 toadstools (D:3)
8 creatures vanquished.

Grand Total: 49 creatures vanquished

Notes
Turn   | Place    | Note
-------+----------+-------------------------------------------
     0 | D:1      | Mgcat the Hill Orc Berserker began the quest for the Orb.
     0 | D:1      | Reached XP level 1. HP: 19/19 MP: 1/1
   195 | D:3      | Found a blossoming altar of Fedhas.
   256 | D:3      | Reached skill level 5 in Axes
   256 | D:3      | Reached XP level 2. HP: 26/26 MP: 2/2
   265 | D:3      | Noticed Curus's ghost (amateur MfTm)
   455 | D:3      | Killed Curus's ghost
   455 | D:3      | Reached skill level 7 in Axes
   455 | D:3      | Reached XP level 3. HP: 27/31 MP: 3/3
   455 | D:3      | Reached XP level 4. HP: 34/39 MP: 4/4
   455 | D:3      | Reached XP level 5. HP: 39/45 MP: 5/5
   728 | D:4      | Noticed Edmund
   745 | D:4      | Killed Edmund
   745 | D:4      | Reached skill level 9 in Axes
   745 | D:4      | Reached XP level 6. HP: 43/51 MP: 6/6
  1023 | D:4      | Reached ** piety under Trog
  1026 | D:4      | Reached skill level 10 in Axes
  1030 | D:4      | Reached XP level 7. HP: 48/57 MP: 7/7
  1037 | D:4      | Noticed Robin
  1058 | D:4      | Killed Robin
  1269 | D:5      | Entered Level 5 of the Dungeon
  1269 | D:5      | Found a bloodstained altar of Trog.
  1460 | D:5      | HP: 11/85 [centaur/arrow (12)]
  1463 | D:5      | HP: 4/57 [centaur (4)]
  1466 | D:5      | Slain by a centaur

Vault maps used:
D:1:      elethiomel_arrival_quiet
D:2:      minmay_roachtagon, minmay_gold_behind_fungi, elyvilon_altar_3
D:3:      cheibrodos_fertilizer, lemuel_round_altar
D:4:      first_ration, uniq_crazy_yiuf_cottage, uniq_edmund, uniq_robin
D:5:      kennysheep_mini_moat, lemuel_crystal_altar,
          minmay_temple_entry_statues_fountains, basic_altar,
          minmay_ogre_servants

Skill      XL: |  1  2  3  4  5  6 |
---------------+-------------------+-----
Axes           | 5 7 9 10 | 10.8
Fighting       | |  3.6
Armour         | |  2.1
Dodging        | |  1.5

Action                   |  1- 3 |  4- 6 |  7- 9 || total
-------------------------+-------+-------+-------++-------
Melee: Hand axe          |    25 |    57 |    54 ||   136
Invok: Berserk           |     2 |     5 |     4 ||    11
 Stab: Sleeping          |       |     1 |       ||     1
  Eat: Chunk             |       |     7 |     4 ||    11
Armor: Animal skin       |     2 |     3 |     6 ||    11
Dodge: Dodged            |    16 |    24 |    30 ||    70

Table legend:
 A = Spawn XP
 B = Non-spawn XP
 C = Spawn XP percentage of total XP
 D = Spawn monster count
 E = Non-spawn monster count
 F = Spawn count percentage of total count
 G = Total turns spent on level
                    A         B        C        D         E        F      G
               +---------+---------+-------+---------+---------+-------+---------
         Total |       0 |     858 |   0.0 |       0 |      41 |   0.0 |  1466
               +---------+---------+-------+---------+---------+-------+---------
           D:1 |       0 |       2 |   0.0 |       0 |       1 |   0.0 |   110
           D:3 |       0 |     193 |   0.0 |       0 |       7 |   0.0 |   371
           D:4 |       0 |     503 |   0.0 |       0 |      28 |   0.0 |   757
           D:5 |       0 |     160 |   0.0 |       0 |       5 |   0.0 |   197
               +---------+---------+-------+---------+---------+-------+---------

Vault maps used:
D:1:      elethiomel_arrival_quiet
D:2:      minmay_roachtagon, minmay_gold_behind_fungi, elyvilon_altar_3
D:3:      cheibrodos_fertilizer, lemuel_round_altar
D:4:      first_ration, uniq_crazy_yiuf_cottage, uniq_edmund, uniq_robin
D:5:      kennysheep_mini_moat, lemuel_crystal_altar,
          minmay_temple_entry_statues_fountains, basic_altar,
          minmay_ogre_servants

Table legend:
 A = Turns spent in this place as a percentage of turns spent in the entire game.
 B = Non-inter-level travel turns spent in this place as a percentage of non-inter-level travel turns spent in the entire game.
 C = Inter-level travel turns spent in this place as a percentage of turns spent in this place.
 D = Turns resting spent in this place as a percentage of non-inter-level travel turns spent in this place.
 E = Turns spent auto-exploring this place as a percentage of non-inter-level travel turns spent in this place.
 F = Non-inter-level travel turns spent in this place divided by the number of levels of this place that you've seen.
                   A       B       C       D       E      F
               +-------+-------+-------+-------+-------+----------------------
         Total | 100.0 | 100.0 |   4.1 |  30.5 |  45.9 | 281.2
       Dungeon | 100.0 | 100.0 |   4.1 |  30.5 |  45.9 | 281.2
               +-------+-------+-------+-------+-------+----------------------

Table legend:
 A = Kills in this place as a percentage of kills in entire the game.
 B = Kills by you in this place as a percentage of kills by you in the entire game.
 C = Kills by friends in this place as a percentage of kills by friends in the entire game.
 D = Other kills in this place as a percentage of other kills in the entire game.
 E = Experience gained in this place as a percentage of experience gained in the entire game.
 F = Experience gained in this place divided by the number of levels of this place that you have seen.
                   A       B       C       D       E      F
               +-------+-------+-------+-------+-------+----------------------
         Total | 100.0 | 100.0 |   N/A |   N/A | 100.0 | 171.6
       Dungeon | 100.0 | 100.0 |   N/A |   N/A | 100.0 | 171.6
               +-------+-------+-------+-------+-------+----------------------
